 Dungeon Crawl Stone Soup version 0.17.0-24-gcfadda4 (webtiles) character file.

31164 lucasterio the Warrior (level 13, 0/128 HPs)
             Began as a Minotaur Berserker on Nov 17, 2015.
             Was a High Priest of Trog.
             Slain by Rupert
             ... wielding a +6 great mace of protection
              (20 damage)
             ... on level 5 of the Lair of Beasts.
             The game lasted 01:56:28 (18229 turns).

lucasterio the Warrior (Minotaur Berserker)        Turns: 18229, Time: 01:56:28

Health: 0/128      AC: 14    Str: 26    XL:     13   Next: 24%
Magic:  14/14      EV: 13    Int:  4    God:    Trog [*****.]
Gold:   604        SH:  0    Dex: 14    Spells: 0 memorised, 12 levels left

rFire  + . .     SeeInvis +     s - +2 spear (pierce)
rCold  . . .     Clarity  .     a - +0 chain mail {rF+}
rNeg   . . .     SustAt   .     (no shield)
rPois  .         Gourm    .     X - +2 hat
rElec  .         Spirit   .     (no cloak)
rCorr  .         Warding  .     (no gloves)
rMut   .         Stasis   .     (no boots)
MR     .....                    (no amulet)
Stlth  ..........               J - ring of see invisible
                                N - +3 ring of dexterity

@: not resistant to hostile enchantments, extremely unstealthy
A: retaliatory headbutt, horns 2
a: Berserk, Trog's Hand, Brothers in Arms, Burn Spellbooks, Renounce Religion


You were on level 5 of the Lair of Beasts.
You worshipped Trog.
Trog was extremely pleased with you.
You were not hungry.

You visited 2 branches of the dungeon, and saw 16 of its levels.

You collected 865 gold pieces.
You spent 261 gold pieces at shops.

Inventory:

Hand Weapons
 f - a +5 antimagic great mace
 s - a +2 spear of piercing (weapon)
 x - the +7 hand axe of the Pill Bug {speed, +Rage Str+6 Dex-5, unknown}
   (You found it on level 3 of the Lair of Beasts)

   Attacks with this weapon are significantly faster.
   It affects your strength (+6).
   It affects your dexterity (-5).
   It lets you go berserk.
 y - a +2 antimagic dire flail
 I - a +1 shortbow of flaming
Missiles
 h - 179 arrows (quivered)
 k - 12 poisoned arrows
 K - 57 arrows of flame
Armour
 a - a +0 chain mail of fire resistance (worn)
 X - a +2 hat (worn)
Jewellery
 J - a ring of see invisible (right hand)
 N - a +3 ring of dexterity (left hand)
Wands
 j - a wand of paralysis (14)
 L - a wand of random effects (16)
 R - a wand of draining (5)
 Z - a wand of paralysis (12)
Scrolls
 g - 2 scrolls of noise {unknown}
 l - a scroll of vulnerability {unknown}
 m - 2 scrolls of enchant armour {unknown}
 n - a scroll of magic mapping
 o - a scroll of fog
 B - 2 scrolls of recharging {unknown}
 E - a scroll of immolation
 H - 5 scrolls of remove curse
 M - 2 scrolls of fear {unknown}
 O - 3 scrolls of amnesia
 T - a scroll of identify
 U - a scroll of teleportation
Potions
 b - 2 potions of mutation {unknown}
 d - 3 potions of lignification {unknown}
 e - a potion of magic {unknown}
 i - a potion of heal wounds
 p - 5 potions of curing {unknown}
 r - 2 potions of berserk rage {unknown}
 t - a potion of agility {unknown}
 u - a potion of haste {unknown}
 z - 3 potions of poison {unknown}
 A - a potion of invisibility {unknown}
 C - a potion of degeneration {unknown}
 D - 2 potions of brilliance {unknown}
 V - a potion of beneficial mutation {unknown}
 Y - 2 potions of might {unknown}
Books
 v - a book of Minor Magic

   Spells                             Type                      Level
   a - Magic Dart                     Conjuration                  1
   b - Blink                          Translocation                2
   c - Call Imp                       Summoning                    2
   d - Repel Missiles                 Charms/Air                   2
   e - Slow                           Hexes                        2
   f - Conjure Flame                  Conjuration/Fire             3
   g - Mephitic Cloud                 Conjuration/Poison/Air       3
   Trog disapproves of the use of such an item.
 w - a book of Annihilations

   Spells                             Type                      Level
   a - Poison Arrow                   Conjuration/Poison           6
   b - Chain Lightning                Conjuration/Air              8
   c - Lehudib's Crystal Spear        Conjuration/Earth            8
   d - Glaciate                       Conjuration/Ice              9
   e - Fire Storm                     Conjuration/Fire             9
   Trog disapproves of the use of such an item.
 Q - a book of Enchantments

   Spells                             Type                      Level
   a - Cause Fear                     Hexes                        4
   b - Silence                        Hexes/Air                    5
   c - Deflect Missiles               Charms/Air                   6
   d - Haste                          Charms                       6
   e - Discord                        Hexes                        8
   Trog disapproves of the use of such an item.
 W - a book of Power

   Spells                             Type                      Level
   a - Fulminant Prism                Conjuration/Hexes            4
   b - Iskenderun's Mystic Blast      Conjuration                  4
   c - Venom Bolt                     Conjuration/Poison           5
   d - Bolt of Magma                  Conjuration/Fire/Earth       5
   e - Iron Shot                      Conjuration/Earth            6
   f - Orb of Destruction             Conjuration                  7
   g - Spellforged Servitor           Conjuration/Summoning        7
   Trog disapproves of the use of such an item.
Comestibles
 c - 8 bread rations
 q - 21 royal jellies
 F - a beef jerky
 G - 4 slices of pizza
 P - 14 fruits


   Skills:
 * Level 15.9 Fighting
 - Level 8.8 Maces & Flails
 - Level 12.6 Polearms
 - Level 3.2 Bows
 + Level 12.1 Armour
 + Level 7.8 Dodging
   Level 0.0 Shields
 - Level 3.2 Evocations


You had 12 spell levels left.
You didn't know any spells.

Dungeon Overview and Level Annotations

Branches:
Dungeon (11/15)            Temple (0/1) D:7            Lair (5/8) D:10
  Swamp (0/4) Lair:4
  Snake: Lair:3-6    Spider: Lair:3-6       Orc: D:9-12

Altars:
Gozag
Makhleb
Ru
Sif Muna

Shops:
D:5 !   D:7 (%([

Annotations:
Lair:5 Rupert


Innate Abilities, Weirdness & Mutations

You reflexively headbutt those who attack you in melee.
You have a pair of horns on your head.


Message History

Rupert goes berserk!
You hit Rupert but do no damage.
Rupert hits you with a great mace of protection!!
You barely miss Rupert. You headbutt Rupert.
Rupert is lightly wounded.
Rupert hits you with a great mace of protection!!
Rupert hits you with a great mace of protection!!!
* * * LOW HITPOINT WARNING * * *
You hit Rupert but do no damage. You headbutt Rupert.
Rupert is lightly wounded.
Rupert completely misses you.
Rupert hits you with a great mace of protection!
* * * LOW HITPOINT WARNING * * *
Drink which item? (? for menu, Esc to quit)
You feel much better.
Rupert hits you with a great mace of protection!!
* * * LOW HITPOINT WARNING * * *
You feel less confused.
Rupert hits you with a great mace of protection!!
You die...

....................
......................
#.....................
#....................
#.##....................
........................
........................
........................
................@@.......
.........................
.........................
.........................
.........................
.............<...........
.........................
........รท................
.........................


You could see Rupert (berserk).

Vanquished Creatures
  Gastronok (D:8)
  The ghost of dorian the Grappler, a novice TrMo of Jiyva (D:10)
  A hydra (Lair:1)
  A death yak (Lair:4)
  The ghost of Niddhoggr the Fighter, a novice MiFi of Okawaru (D:9)
  A hill giant (D:10)
  An ugly thing (D:10)
  2 oklob plants (Lair:5)
  2 griffons (Lair:4)
  Joseph (D:8)
  2 torpor snails
  2 black mambas
  7 spiny frogs
  6 komodo dragons
  2 fire drakes
  A polar bear (Lair:5)
  A queen bee (Lair:3)
  A troll (D:9)
  A giant leech (Lair:4)
  16 blink frogs
  A two-headed ogre (D:10)
  A fire elemental (Lair:3)
  25 yaks
  3 wyverns
  A basilisk (Lair:4)
  Grum (D:8)
  7 hippogriffs
  9 wolves
  A hungry ghost (D:10)
  2 swamp worms (Lair:4)
  5 water moccasins
  2 orc warriors
  8 porcupines
  3 phantoms
  2 black bears
  3 ice beasts
  A necrophage (D:10)
  An eye of draining (D:8)
  2 centaurs
  2 crocodiles (Lair:4)
  A sky beast (D:8)
  3 big kobolds
  6 ogres
  Blork the orc (D:6)
  10 giant frogs
  4 scorpions
  A water moccasin skeleton (D:6)
  A crimson imp (D:6)
  27 killer bees
  2 giant frog zombies (D:7)
  A quasit (D:7)
  A giant frog skeleton (D:9)
  2 orc priests
  9 jellies
  4 hounds
  4 orc wizards
  2 gnoll shamans
  8 hell rats (Lair:2)
  4 centaur skeletons
  9 iguanas
  7 worker ants
  7 sheep (Lair:5)
  A killer bee zombie (D:8)
  3 hound skeletons
  12 gnolls
  14 adders
  46 river rats
  A shadow imp (D:8)
  8 oozes
  2 worms
  34 orcs
  8 bats
  9 goblins
  6 hobgoblins
  15 jackals
  3 ball pythons
  5 giant cockroaches
  2 giant gecko skeletons
  7 giant newts
  A jackal skeleton (D:8)
  16 kobolds
  5 quokkas
  A quokka skeleton (D:7)
  21 rats
  2 bushes (D:6)
  A fungus (Lair:1)
  A plant (Lair:5)
469 creatures vanquished.

Vanquished Creatures (collateral kills)
  A yak (D:9)
1 creature vanquished.

Vanquished Creatures (others)
  A fungus (Lair:1)
  A plant (Lair:4)
2 creatures vanquished.

Grand Total: 472 creatures vanquished

Notes
Turn   | Place    | Note
--------------------------------------------------------------
     0 | D:1      | lucasterio the Minotaur Berserker began the quest for the Orb.
     0 | D:1      | Reached XP level 1. HP: 19/19 MP: 0/0
   315 | D:1      | Reached skill level 4 in Maces & Flails
   352 | D:1      | Reached XP level 2. HP: 21/27 MP: 1/1
   695 | D:1      | Reached ** piety under Trog
   718 | D:1      | Reached XP level 3. HP: 26/33 MP: 2/2
  1659 | D:2      | You fall through a shaft for 2 floors!
  1699 | D:4      | Reached skill level 5 in Maces & Flails
  1699 | D:4      | Reached XP level 4. HP: 3/40 MP: 3/3
  2089 | D:3      | Reached XP level 5. HP: 28/47 MP: 4/4
  2390 | D:3      | Found a burning altar of Makhleb.
  2442 | D:3      | Found an opulent altar of Gozag.
  2442 | D:3      | Found a sacrificial altar of Ru.
  2795 | D:3      | Reached skill level 5 in Fighting
  2808 | D:3      | Reached *** piety under Trog
  3063 | D:3      | Reached XP level 6. HP: 52/56 MP: 5/5
  3219 | D:3      | Found a deep blue altar of Sif Muna.
  3258 | D:4      | Noticed a big kobold
  3273 | D:4      | Killed a big kobold
  3273 | D:4      | Reached skill level 6 in Maces & Flails
  3888 | D:4      | Reached skill level 5 in Armour
  4183 | D:5      | Entered Level 5 of the Dungeon
  4316 | D:5      | Reached XP level 7. HP: 43/61 MP: 6/6
  4398 | D:5      | Reached **** piety under Trog
  4792 | D:5      | Found Fiuru's Distillery.
  4799 | D:5      | Bought a potion of heal wounds for 60 gold pieces
  5216 | D:6      | Reached skill level 7 in Maces & Flails
  5513 | D:6      | Reached XP level 8. HP: 59/71 MP: 7/7
  5762 | D:6      | Reached skill level 8 in Armour
  5828 | D:6      | Noticed Blork the orc
  5847 | D:6      | Killed Blork the orc
  6527 | D:7      | Found Megonkuodd's Antique Weapon Shop.
  6530 | D:7      | Bought a runed glaive for 201 gold pieces
  6544 | D:7      | Reached skill level 9 in Armour
  6548 | D:7      | Found Zohumep's Antique Armour Shop.
  6765 | D:7      | Found Urirraju's Food Shoppe.
  6773 | D:7      | Reached XP level 9. HP: 81/81 MP: 8/8
  6964 | D:7      | Found Reluc's Antique Weapon Shoppe.
  7048 | D:7      | Reached skill level 10 in Armour
  7066 | D:7      | Found a staircase to the Ecumenical Temple.
  7251 | D:8      | Reached skill level 1 in Polearms
  7463 | D:8      | Noticed Joseph
  7479 | D:8      | Killed Joseph
  7923 | D:8      | Noticed Gastronok
  7938 | D:8      | Killed Gastronok
  7938 | D:8      | Reached skill level 10 in Fighting
  7938 | D:8      | Reached XP level 10. HP: 24/93 MP: 9/9
  8226 | D:8      | Found a burning altar of Makhleb.
  8338 | D:8      | Noticed Grum
  8368 | D:8      | Killed Grum
  9013 | D:8      | Got a smoking quarterstaff
  9016 | D:8      | Got a polished buckler
  9017 | D:8      | Identified the cursed -3 buckler of Boiling Hail {rC+ rCorr} (You found it on level 8 of the Dungeon)
  9082 | D:9      | Reached skill level 1 in Bows
  9230 | D:9      | Noticed Niddhoggr's ghost (novice MiFi)
  9248 | D:9      | Killed Niddhoggr's ghost
  9414 | D:9      | Reached skill level 11 in Fighting
  9449 | D:9      | Reached ***** piety under Trog
  9662 | D:9      | Got an ancient blowgun
  9985 | D:9      | Reached XP level 11. HP: 92/102 MP: 12/12
 10083 | D:10     | Entered Level 10 of the Dungeon
 10091 | D:10     | Found a staircase to the Lair.
 10117 | D:10     | Noticed dorian's ghost (novice TrMo)
 10122 | D:10     | Reached skill level 10 in Polearms
 10141 | D:10     | Killed dorian's ghost
 10400 | D:10     | Noticed a hill giant
 10421 | D:10     | Killed a hill giant
 11186 | Lair:1   | Entered Level 1 of the Lair of Beasts
 11192 | Lair:1   | Received a gift from Trog
 11201 | Lair:1   | Reached skill level 12 in Fighting
 11900 | Lair:1   | Noticed a five-headed hydra
 11910 | Lair:1   | Killed a five-headed hydra
 12279 | Lair:1   | Reached skill level 13 in Fighting
 12513 | Lair:1   | Reached XP level 12. HP: 81/115 MP: 13/13
 14502 | Lair:2   | Reached skill level 5 in Dodging
 14975 | Lair:3   | Received a gift from Trog
 14994 | Lair:3   | Reached skill level 14 in Fighting
 15013 | Lair:3   | Received a gift from Trog
 15507 | Lair:3   | Received a gift from Trog
 16073 | Lair:3   | Got an ancient hand axe
 16462 | Lair:4   | Reached skill level 15 in Fighting
 16942 | Lair:4   | Reached XP level 13. HP: 127/127 MP: 14/14
 17453 | Lair:4   | Found a staircase to the Swamp.
 18193 | Lair:5   | Noticed Rupert
 18229 | Lair:5   | Slain by Rupert

Action                   |  1- 3 |  4- 6 |  7- 9 | 10-12 | 13-15 || total
-------------------------+-------+-------+-------+-------+-------++-------
Melee: Mace              |    79 |   162 |   395 |    24 |       ||   660
       Spear             |       |       |       |  1014 |   146 ||  1160
 Fire: Shortbow          |       |       |       |     5 |       ||     5
Invok: Trog's Hand       |       |     2 |       |     1 |       ||     3
       Berserk           |       |     1 |    11 |    15 |     1 ||    28
       Burn Spellbooks   |       |       |     1 |     1 |       ||     2
       Brothers in Arms  |       |       |       |     1 |       ||     1
Evoke: Wand              |       |       |       |     1 |       ||     1
  Use: Scroll            |       |       |     5 |    17 |       ||    22
       Potion            |       |       |       |     1 |     1 ||     2
  Eat: Chunk             |     2 |    10 |    13 |    32 |     2 ||    59
       Meat ration       |       |       |     2 |     1 |       ||     3
       Pizza             |       |       |       |     1 |       ||     1
       Beef jerky        |       |       |       |     4 |       ||     4
       Bread ration      |       |       |       |       |     1 ||     1
